 Dungeon Crawl Stone Soup version 0.26.0-5-gb5863c6483 (webtiles) character file.

Game seed: 11674404933568635220

45 Crag the Sneak (level 3, 0/16 HPs)
             Began as a Spriggan Enchanter on Jan 10, 2021.
             Slain by a kobold
             ... wielding a cursed +0 club
              (2 damage)
             ... on level 3 of the Dungeon.
             The game lasted 00:26:12 (3710 turns).

Crag the Sneak (Spriggan Enchanter)                 Turns: 3710, Time: 00:26:14

Health: 0/16       AC:  2    Str:  4    XL:     3   Next: 42%
Magic:  8/8        EV: 10    Int: 16    God:
Gold:   142        SH:  0    Dex: 17    Spells: 3/7 levels left

rFire    . . .     SeeInvis +   b - +0 hunting sling
rCold    . . .     Faith    .   (shield restricted)
rNeg     + . .     Spirit   .   m - +0 robe
rPois    .         Reflect  .   (helmet restricted)
rElec    .         Harm     .   (no cloak)
rCorr    .         Rampage  .   (gloves unavailable)
Will     .....     Clarity  +   (boots unavailable) Stlth +++.......Rnd*Tele +
                                (no amulet)
HPRegen  0.05/turn              p - ring of positive energy
MPRegen  0.11/turn              r - ring of teleportation (curse)

@: held, very quick
A: very small, unfitting armour, see invisible, clarity, speed 3
a: no special abilities


You were on level 3 of the Dungeon.
You visited 1 branch of the dungeon, and saw 3 of its levels.

You collected 142 gold pieces.

Inventory:

Hand Weapons
 a - a +1 dagger
 b - a +0 hunting sling (weapon)
Missiles
 e - 7 curare-tipped darts
 g - 36 poisoned darts
 j - 82 stones (quivered ammo)
 k - 4 datura-tipped darts
 l - 9 sling bullets
Armour
 m - a +0 robe (worn)
Jewellery
 p - a ring of positive energy (left hand)
 r - a cursed ring of teleportation (right hand)
Scrolls
 c - 2 scrolls of identify
 h - 2 scrolls of enchant weapon
Potions
 d - a potion of haste {unknown}
 f - a potion of flight
 n - a potion of cancellation


   Skills:
 + Level 2.4 Short Blades
 - Level 3.9 Dodging
 - Level 5.0 Stealth
 - Level 2.6 Spellcasting
 - Level 4.0 Hexes


You had 3 spell levels left.
You knew the following spells:

 Your Spells              Type           Power        Failure   Level
a - Corona                Hex            15%          3%          1
b - Confusing Touch       Hex            14%          11%         3

Your spell library contained the following spells:

 Spells                   Type           Power        Failure   Level
 Tukima's Dance           Hex            14%          11%         3
 Ensorcelled Hibernation  Hex/Ice        16%          13%         2
 Dazzling Flash           Conj/Hex       16%          26%         3


Dungeon Overview and Level Annotations

Branches:
Dungeon (3/15)

Altars:

Annotations:
D:2 exclusion: 2 doors


Innate Abilities, Weirdness & Mutations

You are very small and have problems with some larger weapons.
You are too small for most types of armour.
You have supernaturally acute eyesight. (SInv)
You cover ground extremely quickly.
You possess an exceptional clarity of mind.


Message History

You see here a throwing net.
Okay, then.
Okay, then.
Okay, then.
Really read the scroll of immolation?
As you read the scroll of immolation, it crumbles to dust.
The creatures around you are filled with an inner flame!
The jackal barely misses you. The jackal closely misses you.
The kobold hits you with a cursed +0 club.
The jackal barely misses you.
The jackal bites you but does no damage.
The orc throws a boomerang.
The boomerang barely misses you.
The weapon returns to the orc!
You struggle against the net.
The jackal closely misses you.
The jackal bites you but does no damage.
The jackal completely misses you.
The orc throws a boomerang.
The boomerang hits you.
* * * LOW HITPOINT WARNING * * *
The kobold hits you with a cursed +0 club.
You die...

# #..##........##...#.# #.#.#
# ##(.............#..#.#
#.#.# #
#...##.............#.###.#.#
#
#(.g..........#o......##...#
#
#(..###.......#.g....<.##..#
# ###g# .#...###So..........#
# #.# #.##.##o.)#o.....##.##
# #.# #......K#.......###.#
#####.#########h@.#.##.## #.#
......g...gg..hhh......####.#
#####...........#...........#
############.############ ###


You could see 2 orc wizards, 3 gnolls, 2 orcs, 4 jackals, a ball python (inner
flame) and a kobold (inner flame).

Vanquished Creatures
  An adder (D:2)
  An ooze (D:1)
  2 leopard geckos (D:1)
  An orc (D:3)
  3 bats (D:2)
  3 goblins
  2 hobgoblins
  2 jackals (D:2)
  4 frilled lizards
  4 kobolds
  7 rats (D:1)
30 creatures vanquished.

Notes
Turn   | Place    | Note
-------+----------+-------------------------------------------
     0 | D:1      | Crag the Spriggan Enchanter began the quest for the Orb.
     0 | D:1      | Reached XP level 1. HP: 9/9 MP: 5/5
   729 | D:1      | Reached XP level 2. HP: 11/13 MP: 4/6
  2416 | D:2      | Reached skill level 5 in Stealth
  2445 | D:2      | Gained mutation: You possess an exceptional clarity of
                  | mind. [potion of mutation]
  2845 | D:3      | Reached XP level 3. HP: 16/16 MP: 8/8
  2986 | D:2      | Learned a level 3 spell: Confusing Touch
  3710 | D:3      | Slain by a kobold

Illustrated notes

Levels and vault maps discovered:
D:1:      elethiomel_arrival_infinity_welcomes_careful_drivers,
          layout_loops_ring, hangedman_abyss_or_decor_stabs
D:2:      layout_basic
D:3:      layout_loops_ring, minmay_increasing_density

Skill      XL: |  1  2  3 |
---------------+----------+-----
Short Blades   | 2 |  2.4
Stealth        | 5 |  5.0
Hexes          | 4 |  4.0
Dodging        | |  3.9
Spellcasting   | |  2.6

Action                   || total
-------------------------++-------
Melee: Dagger            ||   161
 Fire: Hunting sling     ||     4
 Cast: Corona            ||    24
       Confusing Touch   ||     2
  Use: Scroll            ||     8
       Potion            ||     6
 Stab: Sleeping          ||     5
       Confused          ||     1
Armor: Robe              ||    13
Dodge: Dodged            ||   140
